 Dungeon Crawl Stone Soup version 0.22-a0-44-geb883ae (webtiles) character file.

86 Kidiri the Magician (level 4, -1/24 HPs)
             Began as a Deep Elf Fire Elementalist on Jan 7, 2018.
             Killed from afar by Sigmund (9 damage)
             ... with a magic dart
             ... on level 2 of the Dungeon.
             The game lasted 00:05:15 (1451 turns).

Kidiri the Magician (Deep Elf Fire Elementalist)    Turns: 1451, Time: 00:05:15

Health: -1/24      AC:  2    Str:  5    XL:     4   Next: 27%
Magic:  5/12       EV: 13    Int: 21    God:
Gold:   35         SH:  0    Dex: 15    Spells: 3/12 levels left

rFire    . . .     SeeInvis .   j - +0 dagger
rCold    . . .     Gourm    .   (no shield)
rNeg     . . .     Faith    .   a - +0 robe
rPois    .         Spirit   .   (no helmet)
rElec    .         Reflect  .   (no cloak)
rCorr    .         Harm     .   (no gloves)
MR       .....                  (no boots)
Stlth    ++........             (no amulet)
HPRegen  0.08/turn              (no ring)
MPRegen  0.13/turn              (no ring)

@: very slightly contaminated
A: no striking features
a: no special abilities


You were on level 2 of the Dungeon.
You were not hungry.

You visited 1 branch of the dungeon, and saw 2 of its levels.

You collected 35 gold pieces.

Inventory:

Hand Weapons
 j - a +0 dagger (weapon)
Armour
 a - a +0 robe (worn)
 h - a +3 scale mail
Scrolls
 e - a scroll of blinking {unknown}
 g - 2 scrolls of amnesia
Potions
 f - a potion of resistance {unknown}
 i - 2 potions of brilliance
Books
 b - a book of Flames

   Spells                             Type                      Level
   a - Flame Tongue                   Conjuration/Fire             1
   b - Throw Flame                    Conjuration/Fire             2
   c - Conjure Flame                  Conjuration/Fire             3
   d - Inner Flame                    Hexes/Fire                   3
   e - Sticky Flame                   Conjuration/Fire             4
   f - Fireball                       Conjuration/Fire             5
Comestibles
 c - 2 rations
 d - 3 chunks of flesh


   Skills:
 - Level 2.4 Dodging
 - Level 2.4 Stealth
 * Level 4.8 Spellcasting
 + Level 2.4 Conjurations
 + Level 4.0 Fire Magic


You had 3 spell levels left.
You knew the following spells:

 Your Spells              Type           Power        Failure   Level  Hunger
a - Flame Tongue          Conj/Fire      ###..        3%          1    None
b - Throw Flame           Conj/Fire      ###...       4%          2    None
c - Conjure Flame         Conj/Fire      ###.....     9%          3    ##.....
d - Inner Flame           Hex/Fire       ##......     14%         3    ##.....


Dungeon Overview and Level Annotations

Branches:
Dungeon (2/15)

Altars:

Annotations:
D:2 Sigmund


Message History

Aiming: Flame Tongue
Press: ? - help, Shift-Dir - straight line, f/p - Sigmund
Aim: Sigmund, wielding a scythe of freezing and wearing a robe (moderately wounded)
You miscast Flame Tongue.
You are very lightly contaminated with residual magic.
Your skin tingles.
Sigmund hits you from afar with a scythe of freezing.
Sigmund freezes you.
You see here a scroll labeled ROLEP AXKAIZE.
Casting: Flame Tongue
Confirm with . or Enter, or press ? or * to list all spells.
Aiming: Conjure Flame
Press: ? - help, Dir - move target cursor, p - Sigmund The fire ignites!
Sigmund casts a spell at you. You resist with some effort.
The worker ant twitches its antennae in your direction.
Sigmund points at you and mumbles some strange words.
The magic dart hits you!
You die...

..............#####.
.###........#.#....# #.
..#........#......###.
##...####..#....##..##.
....####.##...........
#..^.#..##....###....
#........###.####....
#.#........#.........
##@....#...........
#?....###........(
#.....###.........
##§#...............
#.@...####.####....
##..#.## #..###.##.
..a..#.# ##..##.###
.##..#.## ###....###
#.....# ##......[.÷


You could see Sigmund.

Vanquished Creatures
  Jessica (D:2)
  A gnoll (D:1)
  A worm (D:2)
  2 dart slugs
  4 leopard geckos
  4 giant cockroaches
  6 goblins
  6 hobgoblins
  A kobold (D:1)
  4 bats
  3 frilled lizards
  6 rats
39 creatures vanquished.

Notes
Turn   | Place    | Note
-------+----------+-------------------------------------------
     0 | D:1      | Kidiri the Deep Elf Fire Elementalist began the quest for the Orb.
     0 | D:1      | Reached XP level 1. HP: 10/10 MP: 6/6
    48 | D:1      | Reached XP level 2. HP: 11/15 MP: 3/8
    52 | D:1      | Learned a level 2 spell: Throw Flame
   564 | D:1      | Reached XP level 3. HP: 13/19 MP: 4/10
   688 | D:1      | Learned a level 3 spell: Conjure Flame
   692 | D:1      | Learned a level 3 spell: Inner Flame
  1115 | D:2      | Noticed Sigmund
  1153 | D:2      | Noticed Jessica
  1158 | D:2      | Killed Jessica
  1158 | D:2      | Reached XP level 4. HP: 23/24 MP: 7/12
  1451 | D:2      | Killed from afar by Sigmund

Vault maps used:
D:1:      nicolae_arrival_washed_ashore, hangedman_decor_riveting
D:2:      uniq_natasha, uniq_crazy_yiuf_cottage, uniq_sigmund, uniq_jessica

Skill      XL: |  1  2  3 |
---------------+----------+-----
Spellcasting   | 4 |  4.8
Conjurations   | 2 |  2.4
Fire Magic     | 4 |  4.0
Dodging        | |  2.4
Stealth        | |  2.4

Action                   |  1- 3 |  4- 6 || total
-------------------------+-------+-------++-------
Melee: Spear             |     4 |       ||     4
       Dagger            |     1 |     1 ||     2
 Cast: Flame Tongue      |    55 |    11 ||    66
       Throw Flame       |       |     4 ||     4
       Conjure Flame     |       |     2 ||     2
  Use: Scroll            |     8 |       ||     8
  Eat: Chunk             |     1 |     1 ||     2
Armor: Robe              |     1 |     1 ||     2
Dodge: Dodged            |     7 |     1 ||     8

Table legend:
 A = Spawn XP
 B = Non-spawn XP
 C = Spawn XP percentage of total XP
 D = Spawn monster count
 E = Non-spawn monster count
 F = Spawn count percentage of total count
 G = Total turns spent on level
                    A         B        C        D         E        F      G
               +---------+---------+-------+---------+---------+-------+---------
         Total |       0 |     124 |   0.0 |       0 |      39 |   0.0 |  1451
               +---------+---------+-------+---------+---------+-------+---------
           D:1 |       0 |      58 |   0.0 |       0 |      26 |   0.0 |  1066
           D:2 |       0 |      66 |   0.0 |       0 |      13 |   0.0 |   385
               +---------+---------+-------+---------+---------+-------+---------
